 Dungeon Crawl Stone Soup version 0.31-a0-455-g1a7b003ef0 (webtiles) character file.

Game seed: 12492966028505806804

30 Xavori the Trooper (level 3, 15/15 (30) HPs)
             Began as a Djinni Chaos Knight on Aug 4, 2023.
             Was a Plaything of Xom.
             Quit the game on level 2 of the Dungeon.
             The game lasted 00:01:11 (8930 turns).

Xavori the Trooper (Djinni Chaos Knight)            Turns: 8930, Time: 00:01:12

HP:   15/15 (30)    AC:  3    Str: 11      XL:     3   Next: 37%
Gold: 104           EV: 12    Int: 10 (11) God:    Xom [*.....] SH:  0 Dex: 20

rFire   + + .        a - +0 falchion (chaos)
rCold   x . .        (no shield)
rNeg    . . .        b - +2 leather armour
rPois   ∞            (no helmet)
rElec   .            (no cloak)
rCorr   .            (no gloves)
SInv    .            (boots unavailable)
Will    +....        (no amulet)
Stlth   ++           (no ring)
HPRegen 0.22/turn    (no ring)
MPRegen 0.00/turn

%: no passive effects
@: flying, extremely drained
A: sickness immunity, fire resistance 2, cold vulnerability 1, float, innate
caster, HP casting, extra vitality 1, agile 2, deformed body, deterioration 2,
strong-willed 1, inability to drink after injury 1
a: Renounce Religion


You were on level 2 of the Dungeon.
You worshipped Xom.
You were a special plaything of Xom.
You visited 1 branch of the dungeon, and saw 2 of its levels.

You collected 104 gold pieces.

Inventory:

Hand Weapons
 a - a +0 falchion of chaos (weapon)
Armour
 b - a +2 leather armour (worn)
Scrolls
 c - a scroll of butterflies
 d - a scroll of teleportation {unknown}
Potions
 e - a potion of resistance {unknown}


   Skills:
 + Level 3.3 Fighting
 + Level 3.1 Long Blades
 + Level 1.5 Armour
 + Level 2.4 Dodging
 + Level 0.2 Stealth


You knew the following spells:

 Your Spells              Type           Power      Damage    Failure   Level
a - Apportation           Tloc           0%         N/A       45%         1
Your spell library was empty.

Dungeon Overview and Level Annotations

Branches:
Dungeon (2/15)

Altars:
Gozag


Innate Abilities, Weirdness & Mutations

You are immune to sickness and miasma.
You are immune to poison.
Your flesh is very heat resistant. (rF++)
You are vulnerable to cold. (rC-)
You float through the air rather than walking.
You learn spells naturally, not from books.
Your magical power is your life essence.
You have superior vitality. (+4 MHP)
You are very agile. (Dex +8, Str/Int -2)
Armour fits poorly on your strangely shaped body.
Your body often deteriorates upon taking damage.
You are strong-willed. (Will+)
You occasionally lose the ability to drink potions when taking damage.


Message History

You start waiting.
Done waiting.
You start waiting.
Done waiting.
You start waiting.
Done waiting.
You start waiting.
Xom is getting BORED.
You start waiting.
Xom is getting BORED.
You start waiting.
Xom is getting BORED.
You start waiting.
Xom is getting BORED.
You start waiting.
Xom is getting BORED.
You start waiting.
You are now a BORING thing.
You start waiting.
Xom's power brushes against you for a moment.
Your body is suffused with distortional energy.
Your body twists and deforms.
You feel your body start to fall apart.
You occasionally lose the ability to drink potions when taking damage.
You are now a very special plaything of Xom.
You start waiting. "Time to have some fun!"
There are monsters nearby!
The crimson imp blinks!
You fly downwards.
There is a stone staircase leading up here.
You start waiting.
You hear Xom's maniacal laughter.
You feel drained.
You start waiting.
Done waiting.
You start waiting.
You are now a special plaything of Xom.
You start waiting.
Done waiting.
Are you sure you want to abandon this character and quit the game? (Confirm with "yes".)

##.....##
##.......##
#.........# #
#.........#
..##.........#
............#
#.........#
#....@....# PP
#.........# PP
#.).......#
#.........####
#............#
##...........#
#........_..#
#.####......#
#.# #......#


There were no monsters in sight!

Vanquished Creatures
  An adder (D:2)
  2 ball pythons (D:1)
  4 bats (D:1)
  An endoplasm (D:1)
  A giant cockroach (D:1)
  2 goblins
  2 hobgoblins (D:1)
  A kobold (D:1)
  A quokka (D:1)
  A frilled lizard (D:1)
  4 rats
20 creatures vanquished.

Notes
Turn   | Place    | Note
-------+----------+-------------------------------------------
     0 | D:1      | Xavori the Djinni Chaos Knight began the quest for the Orb.
     0 | D:1      | Reached XP level 1. HP: 20/20 MP: 0/0
    22 | D:1      | XOM: silly message
   315 | D:1      | Reached XP level 2. HP: 25/25 MP: 0/0
   789 | D:1      | Found a faded altar of an unknown god.
   843 | D:1      | XOM: silly message
  1108 | D:2      | XOM: divination: detect creatures
  1643 | D:1      | XOM: divination: magic mapping
  1680 | D:1      | XOM: cloud trail
  2394 | D:1      | XOM: 1-stop teleportation journey
  2414 | D:2      | Found an opulent altar of Gozag.
  3602 | D:1      | XOM: give mutations
  3602 | D:1      | Gained mutation: You are partially covered in iridescent
                  | scales. (AC +2) [Xom's mischief]
  3602 | D:1      | Gained mutation: You are strong-willed. (Will+) [Xom's
                  | mischief]
  3752 | D:1      | XOM: give mutations
  3752 | D:1      | Lost mutation: You are partially covered in iridescent
                  | scales. (AC +2) [Xom's mischief]
  3752 | D:1      | Gained mutation: You are agile. (Dex +4, Str/Int -1) [Xom's
                  | mischief]
  3752 | D:1      | Gained mutation: Your body sometimes deteriorates upon
                  | taking damage. [Xom's mischief]
  4131 | D:1      | XOM: god gift: plate armour {god gift}
  4527 | D:1      | XOM: god gift: glowing pink potion {god gift}
  5482 | D:1      | XOM: give mutations
  5482 | D:1      | Gained mutation: You occasionally lose the ability to read
                  | scrolls when taking damage. [Xom's mischief]
  5482 | D:1      | Gained mutation: You are very agile. (Dex +8, Str/Int -2)
                  | [Xom's mischief]
  5482 | D:1      | Lost mutation: You occasionally lose the ability to read
                  | scrolls when taking damage. [Xom's mischief]
  5528 | D:1      | XOM is BORED!
  5528 | D:1      | XOM: summons 1 hostile demon
  5532 | D:2      | Reached XP level 3. HP: 30/30 MP: 0/0
  5532 | D:2      | Learned a level 1 spell: Apportation
  5686 | D:2      | XOM: divination: detect creatures
  5776 | D:1      | XOM: god gift: 44 gold pieces
  5843 | D:1      | XOM: summons 2 hostile demons
  6241 | D:1      | XOM: noise
  6977 | D:1      | XOM: draining
  7708 | D:1      | XOM: torment (14/25 hp)
  7840 | D:1      | XOM: stat loss: -1 Int (10/11)
  8100 | D:1      | XOM: draining
  8587 | D:1      | XOM is BORED!
  8587 | D:1      | XOM: give mutations
  8587 | D:1      | Gained mutation: Armour fits poorly on your strangely
                  | shaped body. [Xom's mischief]
  8587 | D:1      | Gained mutation: Your body often deteriorates upon taking
                  | damage. [Xom's mischief]
  8587 | D:1      | Gained mutation: You occasionally lose the ability to drink
                  | potions when taking damage. [Xom's mischief]
  8610 | D:1      | XOM: summons 2 hostile demons
  8710 | D:2      | XOM: draining
  8930 | D:2      | Quit the game

Illustrated notes

Levels and vault maps discovered:
D:1:      dpeg_arrival_oval, layout_basic, ebering_ecumenical_altar_sacrificial
D:2:      layout_rooms, basic_altar, uniq_crazy_yiuf_cottage, uniq_sigmund

Skill      XL: |  1  2 |
---------------+-------+-----
Long Blades    | 3 |  3.1
Fighting       | |  3.3
Armour         | |  1.5
Dodging        | |  2.4
Stealth        | |  0.2

Action                     || total
---------------------------++-------
  Melee: Falchion          ||    70
    Use: Potion            ||     1
   Stab: Sleeping          ||     1
 Armour: Leather armour    ||    32
  Dodge: Dodged            ||    54

Table legend: (Time is in decaauts)
 A = Elapsed time spent in this place.
 B = Non-inter-level travel time spent in this place.
 C = Inter-level travel time spent in this place.
 D = Time resting spent in this place.
 E = Time spent auto-exploring this place.
 F = Levels seen in this place.
 G = Mean time per level.
                   A        B        C        D        E       F      G
               +--------+--------+--------+--------+--------+-----+--------+
         Total |   8945 |   8919 |     26 |   8001 |    726 |   2 | 4472.5 |
       Dungeon |   8945 |   8919 |     26 |   8001 |    726 |   2 | 4472.5 |
               +--------+--------+--------+--------+--------+-----+--------+

Top non-repeatable levels by time:
     D:1: 7899 daAuts
     D:2: 1045 daAuts
